 Dungeon Crawl Stone Soup version 0.25.1-8-g42b30a86e7 (webtiles) character file.

Game seed: 15244152303041264416

53 Destapler the Skirmisher (level 3, 29/29 HPs)
             Began as a Demonspawn Monk on Dec 11, 2020.
             Was a Follower of Uskayaw.
             Got out of the dungeon alive.
             The game lasted 00:03:28 (1888 turns).

Destapler the Skirmisher (Demonspawn Monk)          Turns: 1888, Time: 00:03:29

Health: 29/29      AC:  4    Str: 18    XL:     3   Next: 64%
Magic:  3/3        EV: 13    Int: 11    God:    Uskayaw [*.....]
Gold:   58         SH:  0    Dex: 16    Spells: 2/2 levels left

rFire    x . .     SeeInvis +   b - +5 whip of the Inferno {drain, rF- Str+7 SInv Stlth-}
rCold    . . .     Gourm    .   (no shield)
rNeg     . . .     Faith    .   j - +0 robe
rPois    .         Spirit   .   d - +2 hat
rElec    .         Reflect  .   (no cloak)
rCorr    .         Harm     .   (no gloves)
MR       .....                  (no boots)
Stlth    +.........             (no amulet)
HPRegen  0.09/turn              (no ring)
MPRegen  0.08/turn              (no ring)

@: no status effects
A: demonic guardian 1, powered by pain 1
a: Stomp, Renounce Religion


You escaped.
You worshipped Uskayaw.
Uskayaw was noncommittal.
You were not hungry.

You visited 1 branch of the dungeon, and saw 2 of its levels.

You collected 58 gold pieces.

Inventory:

Hand Weapons
 a - a +0 falchion
 b - the +5 whip of the Inferno (weapon) {drain, rF- Str+7 SInv Stlth-}
   (You found it on level 1 of the Dungeon)

   A truly terrible weapon, it drains the life of those it strikes.
   It affects your strength (+7).
   It makes you vulnerable to fire.
   It lets you see invisible.
   It makes you less stealthy.
Missiles
 g - 6 javelins (quivered)
 h - 2 boomerangs
Armour
 d - a +2 hat (worn)
 j - a +0 robe (worn)
Scrolls
 e - 4 scrolls of remove curse {unknown}
 k - a scroll of blinking {unknown}
 m - a scroll of fog {unknown}
 n - a scroll of magic mapping {unknown}
Potions
 f - a potion of brilliance {unknown}
 l - a potion of resistance {unknown}
Comestibles
 c - 2 rations
 i - 4 chunks of flesh


   Skills:
 + Level 3.4 Fighting
 - Level 3.0 Long Blades
 * Level 1.0 Maces & Flails
 + Level 3.1 Dodging
 + Level 2.3 Stealth


You had 2 spell levels left.
You didn't know any spells.
Your spell library was empty.

Dungeon Overview and Level Annotations

Branches:
Dungeon (2/15)

Altars:
Uskayaw


Innate Abilities, Weirdness & Mutations

A weak demonic guardian rushes to your aid.
You sometimes gain a little power by taking damage.


Message History

The bat hits you but does no damage. The bat closely misses you.
You whack the bat!
You kill the bat!
No target in view!
(D) Dungeon
Where to? (Enter - D:1 @ (x,y), ? - help)
What level of the Dungeon? (default 1, ? - help)
There is an open door here.
Some of the chunks of flesh in your inventory have rotted away.
There is a stone staircase leading up here.
You climb upwards.
There is a stone staircase leading down here.
There is an open door here.
There is an open door here.
There is an escape hatch in the floor here.
There is an open door here.
There is a staircase leading out of the dungeon here.
Are you sure you want to leave the Dungeon?
This will make you lose the game!
You have escaped!

#.# #.# #####..#.#..#####.. #.##
#.#######..#..........#
#..######..........###..##.####
##.##...................##.#
#..##.................##..#
#...##..8..##'##..8..##...#
#....##...##...##...##....#
#..(..#####.....#####.....#
####............@............#
...##.......................#####
###.############'############....
###.# ##...## #.........## .##.#
##.###.####...)....## .##.# ##.##
##.##.........## .##.# #.##
##...#.......## ....# ######.##
##.####.......# .####
#.......###.## ##.......#


There were no monsters in sight!

Vanquished Creatures
  An adder (D:2)
  2 worms (D:2)
  5 bats
  4 giant cockroaches
  4 goblins
  7 hobgoblins
  A ball python (D:1)
  A frilled lizard (D:1)
  5 kobolds
  7 rats
37 creatures vanquished.

Notes
Turn   | Place    | Note
-------+----------+-------------------------------------------
     0 | D:1      | Destapler the Demonspawn Monk began the quest for the Orb.
     0 | D:1      | Reached XP level 1. HP: 18/18 MP: 1/1
   215 | D:1      | Gained mutation: A weak demonic guardian rushes to your
                  | aid. [demonic ancestry]
   215 | D:1      | Reached XP level 2. HP: 24/24 MP: 2/2
  1162 | D:1      | Got an ivory whip
  1163 | D:1      | Identified the +5 whip of the Inferno {drain, rF- Str+7
                  | SInv Stlth-} (You found it on level 1 of the Dungeon)
  1364 | D:2      | Gained mutation: You sometimes gain a little power by
                  | taking damage. [demonic ancestry]
  1364 | D:2      | Reached XP level 3. HP: 29/29 MP: 3/3
  1754 | D:2      | Found a faded altar of an unknown god.
  1778 | D:2      | Became a worshipper of Uskayaw the Reveler
  1778 | D:2      | Reached * piety under Uskayaw
  1778 | D:2      | Reached ** piety under Uskayaw
  1798 | D:2      | Reached skill level 1 in Maces & Flails
  1888 | D:$      | Got out of the dungeon alive.

Illustrated notes

Levels and vault maps discovered:
D:1:      giann_horns, layout_loops_corners, minivault_5
D:2:      layout_basic, chequers_ecumenical_altar_simple_redux, minivault_11,
          minmay_tree_intersection

Skill      XL: |  1  2  3 |
---------------+----------+-----
Stealth        | 2 |  2.3
Long Blades    | 3 |  3.0
Dodging        | 3 |  3.1
Maces & Flails | 1 |  1.0
Fighting       | |  3.4

Action                   || total
-------------------------++-------
Melee: Falchion          ||    59
       Whip              ||    25
 Stab: Sleeping          ||     5
  Eat: Chunk             ||     3
Armor: Robe              ||    20
Dodge: Dodged            ||    62
       Rpst.: Falchion   ||     9
